[Event "44th Chess Olympiad Open 2022"]
[Site "Chennai"]
[Date "2022.08.07"]
[Round "9.20"]
[White "Bachmann, Axel"]
[Black "Ganguly, Surya Shekhar"]
[Result "1-0"]
[WhiteElo "2588"]
[BlackElo "2608"]
[Annotator "TA"]
[PlyCount "73"]
[EventDate "2022.??.??"]
[TimeControl "60"]

1. Nf3 d5 2. e3 Nf6 3. c4 e6 4. b3 b6 5. Bb2 Bb7 6. cxd5 {[%emt 0:00:45] A13: English Opening: 1...e6.} exd5 7. Nc3 {[%emt 0:00:06] 7.d4 is a critical line.} Nbd7 8. Rc1 {
[%emt 0:00:17] The position is equal.} a6 9. Ne2 c5 10. Ng3 h5 11. h4 g6 {[%emt 0:03:31] [#]} 12. Be2 $146 ({
Predecessor:} 12. Ng5 Bg7 13. d4 O-O 14. Be2 Qe7 15. Bf3 Ne4 16. N3xe4 dxe4 17.
Be2 Rac8 18. O-O {½-½ (61) Mendonca,L (2536)-Daggupati,B (2442) chess24.com
INT 2021}) 12... Bd6 13. O-O O-O (13... Rc8 $11 {remains equal.}) 14. Ng5 $1 $16 Ne5 (14... Qe7 $14) 15. Qc2 $1 {[%emt 0:04:47] aiming for f4.} Bc8
$2 (15... d4 $16) 16. f4 $18 Neg4 {[%emt 0:
00:00] [#]} 17. Bd3 $2 (17. f5 $1 $18 Bxg3 18.
fxg6) 17... Ra7 $1 $11 18. Rf3 (18. Bxg6 fxg6
19. Qxg6+ Rg7 $17) 18... b5 19. Qb1 (19. Bxg6
fxg6 20. Qxg6+ Rg7 $17) (19. Rcf1 $14) 19... Re8 20. b4 (20. Bxg6 fxg6 21. Qxg6+ Rg7 $17) 20... cxb4 {[%emt 0:09:37] 
[#]} (20... c4 $1 $11 21. Bc2 (21. Bxg6 $2 fxg6 22. Qxg6+ Rg7 $19) 21... Rd7)
21. Bd4 $2 ({Weaker is} 21. Bxg6 fxg6 22. Rxc8 (22. Qxg6+ Rg7
$11) 22... Qxc8 $18) (21. Rxc8 $1 $18 {and White stays clearly on top.} Qxc8
22. Bxg6 $1 fxg6 23. Bxf6 Nxf6 24. Qxg6+ Rg7 25. Qxf6) 21... Rae7 $2 (21... Rc7 $16) 22. Bxf6 Nxf6 23. f5 Bxg3 24. fxg6 {[%emt 0:00:04] Discovered
Attack} Be5 {[%emt 0:05:26] Strongly threatening ...fxg6.} 25. gxf7+ Rxf7 26. Nxf7 Kxf7 27. Bh7 {[%emt 0:01:11] The board is on fire.} Bg4 (27... Kg7
$16 {was called for.} 28. Qg6+ Kh8) 28. Qg6+ Ke7 $2 {[%emt 0:
00:06] [#]} (28... Ke6) 29. d4 $1 $18 Bxd4 30. exd4 Bxf3 31. Qg7+ Kd6 32. Qg3+ Ke7 33. Qg7+ $2 $40
{[%emt 0:00:50] White mounts an attack.} (33. Rc7+ Qxc7 34. Qxc7+ Kf8 35. Bg6)
33... Kd6 {[%emt 0:00:04] Hoping for ...Bg4.} 34. Qg3+ (34.
gxf3 Rg8 35. Bxg8 Qxg8 36. Qg5) 34... Ke7 35. Rc7+ Nd7 36. Rc6 Bg4 37. Qd6+ {[%emt 0:00:10] Weighted Error Value: White=0.56/
Black=0.88. Loss on time!?} 1-0

[Event "44th Chess Olympiad Open 2022"]
[Site "Chennai"]
[Date "2022.08.07"]
[Round "9.20"]
[White "Cubas, Jose Fernando"]
[Black "Karthikeyan, Murali"]
[Result "0-1"]
[WhiteElo "2451"]
[BlackElo "2613"]
[Annotator "TA"]
[PlyCount "88"]
[EventDate "2022.??.??"]
[TimeControl "60"]

1. e4 c5 2. Nf3 Nc6 3. d4 cxd4 4. Nxd4 e6 5. Nc3 Qc7 6. Be3 a6 7. Bd3 Nf6 8. O-O h5 9. h3 Nxd4 10.
Bxd4 Bc5 {[%emt 0:00:13] B48: Sicilian: Taimanov: 5 Nc3 Qc7 6
Be3 a6 without Be2.} 11. Bxc5 Qxc5 12. Na4 Qa5 {[%emt 0:14:22] White is slightly better.} 13. c4 {[%emt 0:
00:00] aiming for c5.} d6 {[%emt 0:00:21] Inhibits c5.} 14. Bc2 Qc7 {[%emt 0:07:44] [#]} 15. Rc1 $146 ({Predecessor:} 15.
Qd3 Bd7 16. Rfd1 Rc8 17. Nc3 e5 18. Qxd6 Qxd6 19. Rxd6 Rxc4 20. Rad1 Rc5 21.
Ba4 Bxa4 22. Nxa4 {½-½ (30) Roganovic,M (2474)-Miladinovic,I (2547)
Kragujevac 2009}) 15... Bd7 16. Qd4 e5 17. Qe3 Rd8 18. Rfd1 O-O 19. Nb6 Be6 20. b4 h4 21. Bb3 Nh5 (21... Nxe4 $2 22. Nd5 Bxd5 23. cxd5 $18) 22. c5 {[%emt 0:00:
00] [#] Threatens to win with cxd6.} Qe7 23. Nd5 {[%emt 0:00:
00] Inhibits Nf4.} Bxd5 24. exd5 ({Don't play
} 24. Bxd5 dxc5 25. bxc5 (25. Qxc5 Qg5 $11) (25. Rxc5 Nf4 $11) 25... Rc8 $11) (
24. Rxd5 Nf4 25. Rdd1 dxc5 $11) 24... e4 25. Re1 f5 26. f3 (26. Bd1 $16 Nf6 27. c6) 26...
Ng3 27. fxe4 (27. c6 $14 {should be
considered.}) 27... fxe4 $11 28. Bd1 Kh8 29. c6 bxc6 30. dxc6 d5 $1 31. c7 Rc8 32. Qb6 {[%emt 0:00:48] Black must now prevent Bg4.} Rf7 {[%emt 0:01:28]
[%cal Rc8c7] The board is on fire.} 33. Qb8 {[%emt 0:00:41] White does not
recover from this.} (33. Bb3 $11 Qe5 34. Qb7 Rcxc7 35. Rxc7 (35. Qxd5 Ne2+ 36.
Kh1 Qxd5 $17) 35... Rxc7 36. Qxd5 Qxd5 37. Bxd5) 33... Qf8 $19 {[%emt 0:00:21]
Black is clearly winning.} 34. Bg4 Rxb8 35.
cxb8=Q Qxb8 (35... Ne2+ $2 36. Rxe2 Qxb8 37.
Rc8+ Rf8 38. Rxb8 $18) 36. Rc8+ {[%emt 0:00:01] [#]} Qxc8 $3 37. Bxc8 {[%emt 0:00:01] Endgame KRB-KRN} d4 {[%emt 0:01:04] ...d3 is the
strong threat.} 38. Bxa6 d3 {[%emt 0:01:44] ( -> ...d2)} 39.
Rd1 Ne2+ 40. Kh2 Rf2 {
[%emt 0:01:03] And now ...Nf4 would win.} 41. Bxd3 exd3 42. Rxd3 Rf1 43. Rf3 Ra1 44. g4 hxg3+ {[%emt 0:00:
21] Weighted Error Value: White=0.51/Black=0.05 (flawless)} 0-1

[Event "44th Chess Olympiad Open 2022"]
[Site "Chennai"]
[Date "2022.08.07"]
[Round "9.21"]
[White "Saric, Ivan"]
[Black "Meier, Georg"]
[Result "0-1"]
[WhiteElo "2680"]
[BlackElo "2613"]
[Annotator "TA"]
[PlyCount "102"]
[EventDate "2022.??.??"]
[TimeControl "60"]

1. e4 e6 2. d4 d5 3. Nc3 dxe4 4. Nxe4 Nd7 5. Nf3 Ngf6 6. Nxf6+ Nxf6 7. c3 c5 8. Be3 {[%emt 0:00:27] is currently scoring better than 8.Ne5. C10: French
with 3 Nc3: Unusual Black 3rd moves and 3...dxe4.} Qc7 9. Ne5 a6 {[%emt 0:00:18] Prevents Bb5+.} 10. Qa4+ {[%emt 0:00:06]
White has an edge.} Nd7 11. Bb5 cxd4 $1 12. Bxd7+ Bxd7 13. Qxd4 Bb5 14. a4 $1 Bd6 $1 15. axb5 Bxe5 16. Qa4 O-O 17. b6 Qe7 18. O-O-O {[%emt 0:00:09] [#] Threatens to win with Rd7.} Rad8
$146 {[%emt 0:15:40] Prevents Rd7.} ({Predecessor:} 18... Rfd8 19. g4 h6 20. h4
Bf6 21. h5 Rd5 22. c4 Rc8 23. Kb1 Re5 24. c5 Bg5 25. Rd7 Qe8 26. f4 Rd5 27. Rd1
{½-½ (27) Cvak,R (2337)-Schroeder,C (2306) LSS email 2020}) 19. g3 Rd5 (19... h6 $11 {keeps the balance.}) 20. c4 $1 $16 Rdd8 {[%emt 0:14:43] [#]} (20... Rc8 $14) 21. Rxd8 $1 Rxd8 22. Rd1 (22. c5 {
seems wilder.} Qf6 23. Rd1 Bxb2+ 24. Kc2) 22... Rxd1+ 23. Kxd1
{[%emt 0:27:59] Endgame KQB-KQB} Bd6 $1 {[%emt 0:10:17] Inhibits c5.} 24. Kc2 (24. Ke2 $16) 24... Kf8 25. Qa5 {[%emt 0:00:
00] c5 is the strong threat.} Qd7 26. Kb3 (
26. b3 $5 ) 26... Be7 27. Kc2 Bd6 28. b3 Qc6 29. Kd2 (29. c5 $5 ) 29... f5 30. Ke2 Ke7 31. Qc3 Kf7 32. Qd4 e5 33.
Qh4 {[%emt 0:00:00] And now Qh5+ would win.} f4 $1 34. gxf4 exf4 35. Qh5+ Kg8 36. Bd2 {[%emt 0:01:30] White does not recover from this.} ({White
must play} 36. c5 $1 $15) 36... Qe4+ $19 37. Kd1 {[%emt 0:02:
52] [#]} f3 $1 {[%emt 0:00:00] ( -> ... Qb1+)} 38. Qd5+ Qxd5 39. cxd5 Bxh2 {[%emt 0:00:00] KB-KB} 40. Kc2 h5 41. Kd3 $2 (41. Bg5 Kf7 42. Kd3) 41... h4 42. Ke4 h3 43. Kxf3 Bd6 44. Bg5 Kf7 45. Bh4 Ke8 46. Bg3 Kd7 47. Bxd6 Kxd6 {[%emt 0:00:07] Black mates.} 48. Kg3 Kxd5 49. Kxh3 Kc5 50. Kg4 Kb4 51. Kf5 Kxb3 {[%emt 0:00:
06] Weighted Error Value: White=0.43/Black=0.08 (flawless)} 0-1

[Event "44th Chess Olympiad Open 2022"]
[Site "Chennai"]
[Date "2022.08.07"]
[Round "9.21"]
[White "Kozul, Zdenko"]
[Black "Diaz Hollemaert, Nahuel"]
[Result "1-0"]
[WhiteElo "2602"]
[BlackElo "2425"]
[Annotator "TA"]
[PlyCount "113"]
[EventDate "2022.??.??"]
[TimeControl "60"]

1. d4 Nf6 2. c4 e6 3. g3 d5 4. Bg2 Bb4+ 5. Bd2 Be7 6. Nf3 O-O 7. O-O c6 8. Qb3 b6 9. cxd5 cxd5 10. Rc1
{[%emt 0:00:30] E11: Bogo-Indian.} Bb7 11. a4 {[%emt 0:01:54]
[%cal Ya2a4,Ya4a5] [#]} a6 $146 ({Predecessor:} 11... Nc6 12.
e3 Rc8 13. Nc3 Qd7 14. Qd1 Qd6 15. Be1 h6 16. Na2 a5 17. Nc3 Qb8 {½-½ (27)
Even,R (2474)-Yamaliev,V (2468) ICCF email 2019}) 12. Ne5 {[%emt 0:00:00]
White is slightly better.} Nfd7 13. Nxd7 Nxd7 14. a5 b5 15. Bb4 Nb8 16. Bxe7 {[%emt 0:03:13] White is more active.}
Qxe7 17. Nd2 Nc6 18. Qe3 Rac8 19. Nb3 Rc7 20. Rc5 Rd7 21. Rac1 Rd6 {[%emt 0:00:07] [#]} 22. h4 ({White should play} 22. Bxd5
$1 Nxd4 23. Rc7 (23. Qxd4 Bxd5 24. Nd2 Rd7 $11) (23. Nxd4 Rxd5 24. Nc6 Bxc6 $14
)) 22... Rfd8 23. f4 h6 24.
h5 Kh8 25. Qd2 f6 26. e3 Qf7 27. Bf3 Rg8 28. Qg2 g5 {[%emt 0:00:26] [#]} (28...
Rb8 $14) 29. hxg6 $1 $16 Qxg6 30. Kh2 ({White should try} 30. Kf2 $16) 30... b4 {[%emt 0:02:16]
Black cannot hold the game after this.} (30... e5 $1 $14) 31. R5c2 Rg7 32. Qh3 Nd8 33. Nc5 Bc6 34. Bh5 Qh7 35. Qh4 (35. Nxa6 Ba4 $16) 35... Bb5 36.
Qxf6 Qf5 37. Qh4 ({Avoid
the trap} 37. Qxh6+ $2 Rh7 38. Qxh7+ Qxh7 $19) 37... Nc6 38.
g4 Qf8 39. Ra1 Qb8 40. Kh1 ({Weaker is} 40. Qf6 Qd8 41. Qxd8+ (41. Qxh6+
Rh7 $18) 41... Nxd8 $18) 40... Qd8 41. Qg3 Kg8 42. Rh2 {[%emt 0:00:00] White is clearly winning.} Qe7 43. Qh3 e5 44. fxe5 Nxe5 45. dxe5 Qxe5 46. Nb3 {[%emt 0:00:00] Inhibits d4.} Bd3 47. Nd4 {[%emt 0:00:
00] Against Re6} Be4+ 48. Kg1 Rc7 49. Rf2 Rf6 50. Qh2 Qxh2+ 51. Rxh2 Rc5 52. Rf2 Kg7 53. Be8 Rxf2 54. Kxf2 {[%emt 0:00:00] Ne6+ is the strong threat.} Kf6 {[%emt 0:00:04]
Against Ne6} 55. Bc6 Ke5 56. Bb7 Bd3 57. Rh1 {[%emt 0:00:00] Weighted Error Value:
White=0.17 (very precise) /Black=0.32} 1-0

[Event "44th Chess Olympiad Open 2022"]
[Site "Chennai"]
[Date "2022.08.07"]
[Round "9.21"]
[White "Hoffman, Alejandro"]
[Black "Brkic, Ante"]
[Result "1/2-1/2"]
[WhiteElo "2390"]
[BlackElo "2611"]
[Annotator "TA"]
[PlyCount "60"]
[EventDate "2022.??.??"]
[TimeControl "60"]

1. d4 Nf6 2. c4 e6 3. Nc3 Bb4 4. Qb3 c5 5. dxc5 Nc6 6. Nf3 Ne4 7.
Bd2 Nxd2 8. Nxd2 O-O 9. e3 Bxc5 10. Rd1 {[%emt 0:
00:00] E23: Nimzo-Indian: 4 Qb3 c5 5 dxc5 Nc6.} b6 11. Nde4 Be7 12. Be2 Bb7 {[%emt 0:01:
22] With the idea ...Na5.} 13. O-O {[%emt 0:00:00] [#]} f5 $146 ({Predecessor:} 13... Na5 14. Qc2 Rc8 15. b3 d5 16. Qb2 f5 17. Ng3 Bf6 18.
Nh5 b5 19. Nxf6+ Qxf6 {0-1 (92) Chernykh,A (2119) -Becker,D (2247) Baden 2019})
14. Nd6 Bxd6 15. Rxd6 f4 16. Qd1 Ne5 {[%emt 0:00:00][%cal
Yc6e5,Ye5g6,Yg6f4,Yf4h3] [#] ...f3 is the strong threat.} 17. Qd4 Qg5 18. f3 $1 fxe3 19. Ne4 Bxe4 20. Qxe4 {[%emt 0:00:05] And now f4 would win.} Ng6 {[%emt 0:00:12] Against f4.
Threatens to win with ...Nf4.} 21. g3 Nf4 22.
Re1 h5 (22... Qa5 $11 23. Kf1 Nxe2 24. Rxe2 {
[#]} Rxf3+ $1 25. Qxf3 Rf8 26. Rxe3 Qc5 27. Qxf8+ Kxf8) 23. Bd3 (23. Rxd7 $14 h4 24. Bd3 Nh3+ 25. Kg2 (25. Kf1 Qh6 $14) 25... Nf4+ 26. Kh1
Nxd3 27. Rxd3 (27. Qxe6+ Kh7 $14)) 23... Rad8 $11 24. Rxe3 h4 25. Kf2 {[%emt 0:01:35] The position is
equal.} ({Not} 25. Qh7+ $2 Kf7 26. Kf2 Nh3+ 27. Ke2 Ke7 $19) 25... hxg3+ 26. hxg3 {[%emt 0:00:03] Dancing on a razor blade.} Nh3+ 27. Kg2 Nf4+ 28. Kf2 Nh3+ 29. Kg2 Nf4+ 30. Kf2 Nh3+ {[%emt 0:00:00] Weighted Error Value:
White=0.08 (flawless) /Black=0.09 (flawless)} 1/2-1/2

[Event "44th Chess Olympiad Open 2022"]
[Site "Chennai"]
[Date "2022.08.07"]
[Round "9.21"]
[White "Vazquez Facundo"]
[Black "Bosiocic, Marin"]
[Result "0-1"]
[WhiteElo "2336"]
[BlackElo "2549"]
[Annotator "TA"]
[PlyCount "117"]
[EventDate "2022.??.??"]
[TimeControl "60"]

1. d4 Nf6 2. c4 e6 3. Nc3 Bb4 4. e3 O-O 5. Nf3 d5 6. Bd2 Re8 {[%emt 0:00:28] E51: Nimzo-Indian:
Rubinstein: 4...0-0 5 Nf3 d5.} 7. Bd3 b6 8.
cxd5 exd5 {[%emt 0:00:36] The position is equal.} 9. Ne5 Ba6 10. Bxa6 Nxa6 11. Qa4 Qc8 12. O-O Bd6 {[%emt 0:02:36] [#]} 13. Nd3 $146 ({Predecessor:} 13. f4
c5 14. Be1 Nc7 15. Bh4 Ng4 16. Nd1 f6 17. Nxg4 Qxg4 18. dxc5 bxc5 19. Bf2 {
½-½ (52) Szczepkowska,K (2407)-Unuk,L (2356) Wroclaw 2021}) 13... c5 14. Nb5 Bb8 15. Nf4 (15. Rac1 $5 ) 15... Ne4 16. Rfd1 Bxf4 17. exf4 c4 18. b3 (18. f3 $11 Nxd2 19. Nd6 (19. Rxd2 Re6 $11)) 18...
Nc7 $1 $17 {[%emt 0:04:01] Black is more active.} (18... Nxd2 $6 19. Rxd2 Re7
20. bxc4 $14) (18... c3 19. Bxc3 $1 Nc7 20. Be1 $14) 19. bxc4 {[%emt 0:04:21] 
[#]} Qd7 $1 {[%emt 0:00:47] aiming for ...dxc4.} 20. Qb4 (20.
Rab1 $2 dxc4 21. Be1 (21. Qxc4 $2 Nxb5 22. Qxb5 Qxb5 $19) 21... Nd6 $19) 20...
dxc4 21. a4 Nxb5 22. axb5 (22. Qxb5 $17 Qxb5 23. axb5) 22... Qxd4 $2 (
22... Rac8 $19 {And now ...Nf6 would win.} 23. Rdc1 Rc7) 23. Be3 $11 Qc3 24. Qa4 Qb3 (
24... Rec8 {is interesting.} 25. Bxb6 Qb3 26. Bxa7 Nc3) 25. Qxb3 cxb3 26. Rdb1 f6 27.
Rxb3 Rad8 28. g3 Re7 29. Kg2 Rd5 30. Rba3 Rdd7 31. Kf3 h5 32. h3 f5 33. g4 hxg4+ 34. hxg4 g6 35. gxf5 gxf5 36. Rg1+ Rg7 37. Rh1 Rh7 38. Rg1+ Kf7 39. Rc1 Nd6 40. Rd3 Ke8 (40... Ke7 $5 ) 41. Rd5 Rhf7 42. Rh1 Kd8 43. Rh5 Kc7 44. Bc1 Rh7 45. Rg5 (45. Rxh7 $11 Rxh7 46. Bb2) 45...
Rh3+ $15 46. Rg3 Rh2 47. Rg2 ({Much worse is} 47. Rg6 {[#]} Rxf2+ $1 48. Kxf2 Ne4+ 49. Ke3
Rxd5 $17) 47... Rh3+ 48. Rg3 Rxg3+ 49. fxg3 {[%emt 0:00:00] Endgame KRB-KRN} Nc4 50. Rxf5 Rd1 51. Be3 Rd3 $1 52. Rf7+ Kd8 $1 53. Ke4 Rxe3+ {[%emt 0:00:00] KRN-KR} 54. Kd4 Nd6 55. Rf6 $1 Ne8 ({Reject} 55... Rxg3 56.
Rxd6+ Ke7 57. Rd5 $11) 56. Rg6 {[%emt 0:00:00] Now White is beyond hope.} ({
Only move:} 56. Rxb6 $1 $15 axb6 57. Kxe3) 56... Rf3 $19 57.
Kc4 Kd7 58. Kd5 Rc3 59. Kd4 {[%emt 0:05:22] Weighted Error Value: White=0.17 (very
precise) /Black=0.11 (very precise)} 0-1

[Event "44th Chess Olympiad Open 2022"]
[Site "Chennai"]
[Date "2022.08.07"]
[Round "9.22"]
[White "Jobava, Baadur"]
[Black "Paragua, Mark"]
[Result "1/2-1/2"]
[WhiteElo "2585"]
[BlackElo "2461"]
[Annotator "TA"]
[PlyCount "45"]
[EventDate "2022.??.??"]
[TimeControl "60"]

1. e4 c5 2. c3 Nf6 3. e5 Nd5 4. Nf3 d6 5. exd6 e6 6. g3 Bxd6 7. Bg2 Nc6 8. O-O O-O 9. d4 cxd4 10. Nxd4 Nxd4 11.
Qxd4 Qc7 {[%emt 0:00:06] B22: Sicilian: 2 c3.} 12. c4 $1 {
[%emt 0:00:15] is recently more successful than 12.Nd2.} Nf6 13. Nc3 {[%emt 0:00:34] [#] Nb5 is the strong threat.} Bd7 14.
Nb5 Bxb5 15. cxb5 Rfd8 {
[%emt 0:00:12][%cal Yd6g3] [#] White must now prevent ...Bxg3!} 16. Qd3 $146 ({Predecessor:} 16. Qc3 Nd5 17. Qb3 Be5 18. Bg5 Rd7 19. Rfd1 h6
20. Rac1 Nc3 21. bxc3 Rxd1+ 22. Rxd1 hxg5 23. c4 Rc8 {½-½ (23) Vazquez,G 
(2545)-Santos Latasa,J (2640) Mexico City 2022}) 16... Rac8 17. Qb3 Bc5 18. a4 h6 19. Qf3 Nd5 20. Qg4 {[%emt 0:
03:41] Against Bd4. The position is equal.} Nf6 21. Qf3 Nd5 22. Qg4 {[%emt 0:20:46] Inhibits Bd4.} Nf6 23. Qf3 {[%emt 0:01:19] An interesting draw. Weighted Error
Value: White=0.04 (flawless) /Black=0.04 (flawless)} 1/2-1/2

[Event "44th Chess Olympiad Open 2022"]
[Site "Chennai"]
[Date "2022.08.07"]
[Round "9.22"]
[White "Paichadze, Luka"]
[Black "Laylo, Darwin"]
[Result "1/2-1/2"]
[WhiteElo "2561"]
[BlackElo "2432"]
[Annotator "TA"]
[PlyCount "80"]
[EventDate "2022.??.??"]
[TimeControl "60"]

1.
e4 e5 2. Nf3 Nf6 3. Nxe5 d6 4. Nf3 Nxe4 5. d4 d5 6. Bd3 Nc6 7. O-O Be7 8. c4 Nb4 9. Be2 dxc4 10. Bxc4 O-O 11. Nc3 Nd6 12. Bb3 {
[%emt 0:02:51] C42: Petroff Defence: 3 Nxe5 and unusual White 3rd moves.} Bf6 13. Be3 Re8 14. h3 {[%emt 0:
22:12] White has an edge.} Bf5 {[%emt 0:12:40] [#]} 15. Qd2 $146 ({Predecessor:} 15. a3 Nd3 16. Rb1 c5 17. dxc5 Ne4 18. Bc2 Nxb2 19. Qxd8
Raxd8 20. Rxb2 Bxc3 21. Rxb7 Nxc5 22. Bxc5 Bxc2 23. Rxa7 {½-½ (71) Karpov,A 
(2705)-Kasparov,G (2715) Moscow 1985}) 15... Bd3 16. Rfc1 {
[%emt 0:02:14] [#] Black must now prevent Na4.} Bc4 17. Nb5 Bxb3 18. Qxb4 Nxb5 19. Qxb3 c6 20. a4 Nxd4 (20... Nd6 {seems wilder.} 21. Bf4 Re7 22. Be5 Ne4) 21.
Bxd4 Bxd4 22. Nxd4 Qxd4 23. Qxb7 Rab8 24. Qxc6 Qxb2 25. Re1 Rxe1+ 26. Rxe1 $11 {[%emt 0:00:05] [#] Endgame White
threatens Re8+ and mate. KQR-KQR} g6 27. a5 (
27. Re7 {is interesting.} a6 28. Qc7 Rf8 29. Qf4) 27... Qb4 {[%emt 0:07:09]
The position is equal.} 28. Re8+ Rxe8 29.
Qxe8+ {[%emt 0:00:03] KQ-KQ} Kg7 30. Qe5+ Kg8 31. Kh2 a6 32. Qe8+ Kg7 33. Qe5+ Kg8 34. Qe8+ Kg7 {[%emt 0:00:00] Strongly threatening ...
Qf4+.} 35. Qe5+ Kg8 36. f4 Qb1 37. Qe8+ Kg7 38. Qe5+ Kg8 39. Qe8+ Kg7 40. Qe5+ Kg8 {[%emt 0:00:00] Weighted Error Value:
White=0.03 (flawless) /Black=0.03 (flawless)} 1/2-1/2

[Event "44th Chess Olympiad Open 2022"]
[Site "Chennai"]
[Date "2022.08.07"]
[Round "9.22"]
[White "Gomez, John Paul"]
[Black "Mchedlishvili, Mikheil"]
[Result "1/2-1/2"]
[WhiteElo "2451"]
[BlackElo "2593"]
[Annotator "TA"]
[PlyCount "43"]
[EventDate "2022.??.??"]
[TimeControl "60"]

1. d4 Nf6 2. c4 g6 3. g3 Bg7 4. Bg2 O-O 5. Nc3 d6 6. Nf3 c6 7. O-O Bf5 8. b3 Ne4 9. Bb2 Nxc3 10. Bxc3 Be4 11. Nh4 {[%emt 0:00:00] E62: King's
Indian: Fianchetto: 6...c6 and Panno Variation (6...Nc6) without ...a6.} Bxg2 {
[%emt 0:01:43] The position is equal.} 12. Nxg2 d5 13. cxd5 cxd5 {[%emt 0:02:14] [#]} 14. Rc1 $146 ({Predecessor:} 14. Nf4 Nc6 15. Rc1 Rc8 16. e3 Qd6 17. Qd2 Rc7
18. Rc2 Rfc8 19. Rfc1 e6 20. Nd3 {1-0 (50) Belousek,M (2065)-Nemec,P (2300)
Czech Republic 2000}) 14... Nc6 15. e3 e6 16. Nf4 Qd7 17. Nd3 Rfc8 18. Nc5 Qe7 19.
Nd3 Qd7 20. Nc5 Qe7 21. Nd3 Qd7 22. Nc5 {[%emt 0:08:01] A rather
calm draw. Weighted Error Value: White=0.07 (flawless) /Black=0.04 (flawless)}
1/2-1/2

[Event "44th Chess Olympiad Open 2022"]
[Site "Chennai"]
[Date "2022.08.07"]
[Round "9.22"]
[White "Bersamina, Paulo"]
[Black "Pantsulaia, Levan"]
[Result "0-1"]
[WhiteElo "2429"]
[BlackElo "2581"]
[Annotator "TA"]
[PlyCount "70"]
[EventDate "2022.??.??"]
[TimeControl "60"]

1. e4 c5 2. Nf3 e6 3. d4 cxd4 4. Nxd4 a6 5. Bd3 d5 6. exd5 Qxd5 {[%emt 0:00:06] [#]} 7. O-O $1 Nd7 {[%emt 0:01:15] B42: Sicilian: Kan Variation:
5 Bd3.} (7... Qxd4 $2 8. Bb5+ $1 axb5 9. Qxd4 $18) 8. Be3 Ngf6 9. c4 Qe5 {[%emt 0:00:00] White is slightly
better.} 10. Nc3 Qc7 {[%emt 0:06:17] [#]} 11. f4 $146 (11. Re1 $5 ) ({Predecessor:} 11. Rc1 b6 12. Nd5
exd5 13. Re1 Bd6 14. cxd5 Nc5 15. Bg5+ Kf8 16. b4 Bxh2+ 17. Kf1 {1-0 (33)
Dervishi,E (2450)-Horvath,C (2535) Montecatini Terme 1998}) 11... Bb4 12. Rc1 O-O 13. Qf3 Re8 14. Bb1 Bf8 15. a3 {
[%emt 0:09:06][%cal Yc4c5] [#]} g6 ({Black should try} 15...
b6 $1 $11) 16. b4 {[%emt 0:01:16] [#]} (16. c5 $14) 16... b6 $1 $11 17. Qxa8 (17. Qe2 Bb7) 17... Bb7 {[%emt 0:00:05]
Prevents Qf3.} 18. Qxe8 Nxe8 19. Ne4 {
[%emt 0:00:09] [#]} ({White should play} 19. Be4 $15) 19... Nef6 $1 $19 20. Nxf6+ Nxf6 21. h3 {
[%emt 0:01:26] [#] Prevents Ng4.} a5 $1 22. Nb5 (22. Bd2 $142) 22... Qc6 23. Rf2 axb4 24. axb4 Bxb4 25. Bd3 Bc5 26. Bxc5 Qxc5 27. Re1 Nh5 {[%emt 0:05:25] Strongly
threatening ...Nxf4.} 28. Re5 Qb4 29. Ree2 Qc5 {[%emt 0:02:44] Threatens to win with ...Nxf4.}
30. Re5 Qe7 {[%emt 0:00:06] ...Qf6 is the strong threat.} 31.
Ree2 $2 (31. Bf1 {was worth a try.}) 31... Qh4 32. Nd6 $2 (32. Re3 Nxf4 33. Bf1) 32... Nxf4 {[%emt 0:00:28]
Black is clearly winning.} 33. Re3 Bxg2 34.
Rxg2 Nxg2 35. Re4 Qg3 {
[%emt 0:00:10] Weighted Error Value: White=0.71/Black=0.21 (precise)} 0-1

[Event "44th Chess Olympiad Open 2022"]
[Site "Chennai"]
[Date "2022.08.07"]
[Round "9.23"]
[White "Grandelius, Nils"]
[Black "Petkov, Momchil"]
[Result "1-0"]
[WhiteElo "2655"]
[BlackElo "2510"]
[Annotator "TA"]
[PlyCount "93"]
[EventDate "2022.??.??"]
[TimeControl "60"]

1. d4 Nf6 2. c4 e6 3. g3 d5 4. Bg2 Bb4+ 5. Bd2 a5 6. Nf3 O-O 7. a3 Be7 8. Qc2 c6 9. O-O Nbd7 10. Rc1 {[%emt 0:00:07] E11:
Bogo-Indian.} h6 11. e3 {[%emt 0:10:37] [#]} Ra7 $146 ({Predecessor:} 11... Re8 12. Be1 Bf8 13. Nbd2 b5 14. cxb5 cxb5
15. Bf1 Ba6 16. Nb3 a4 17. Na5 Qb6 {½-½ (43) Gelfand,B (2676)-Ding,L (2791)
chess24.com INT 2020}) 12. Be1 {[%emt 0:02:28] The position is equal.} Ne4 13. Nc3 Nxc3 14. Qxc3 b5 (14... b6 $14 {feels stronger.}) 15. cxb5 cxb5 16. Bf1 b4 17. axb4 axb4 18. Qc6 Nb8 19. Qc2 Rxa1 20. Rxa1 Qb6 {[%emt 0:04:09] Prevents Ra7.} 21. Ne5 Bd6 22. Qa4 Bxe5 23. dxe5 Nc6 24. Qb5 Qxb5 25. Bxb5 Bd7 26. Bxc6 Bxc6 27. Bxb4 $16 {[%emt 0:00:02] Endgame KRB-KRB} Rb8 28. Bc3 Ra8 29. Rc1 Bb5 30. f3 Ra4 31.
Kf2 Kf8 32. g4 Ke8 33. Kg3 g6 34. h4 Kd7 35. Rh1 h5 (35... Ra8
$16 {was necessary.} 36. h5 Rh8) 36. gxh5 $1 $18 gxh5 {
[%emt 0:00:05] [#]} 37. Rg1 $1 Bd3 {[%emt 0:00:53] [#]} 38.
Bd4 $1 Rc4 39. Ra1 Bg6 (39... Be2 $16 40. b3 Rc6) 40. Kf4 Kc6 41. Kg5 Rc2 42. Ra5 Rc1 43. f4 Rh1 $2 (
43... Rc4 44. Ra6+ Kd7) 44. b4 {[%emt 0:02:18][%cal Yb2b4,Yb4b5,Yb5b6] b5+ is
the strong threat.} Rb1 $2 (44... Rg1+ 45. Kf6 Rb1 46. Ra6+
Kd7 47. Ra7+ Ke8) 45. b5+ {[%emt 0:07:20] White is clearly winning.} Kb7 46. Ra7+ Kb8 47. b6 {[%emt 0:
00:00] Weighted Error Value: White=0.01 (flawless) /Black=0.24 (precise)} 1-0